| TOP OF THE 1ST |
|
Eugene Emeralds batting - Pitching for Auburn Doubledays : RHP Josh Jenkins
|
|
Pitching: RHP Josh Jenkins
|
|
|
Batting: RHB Du Kim
|
0-0: Foul Ball, location: 2F 0-1: Bunt for hit to 3S - play at first, batter OUT! 3-4
|
|
Batting: RHB Eric Wiss
|
0-0: Ball 1-0: Swinging Strike 1-1: Ball 2-1: Foul Ball, location: 2F 2-2: Ball 3-2: Base on Balls
|
|
Batting: RHB Taylor Garofalo
|
0-0: Called Strike 0-1: Called Strike 0-2: Ball 1-2: Ground out 4-3 (Groundball, 34, EV 96.9 MPH) Eric Wiss to second
|
|
Batting: RHB Ryan Bush
|
0-0: Called Strike 0-1: Foul Ball, location: 2F 0-2: Strikes out swinging
|
| Top of the 1st over - 0 runs, 0 hits, 0 errors, 1 left on base; Eugene 0 - Auburn 0 |
| BOTTOM OF THE 1ST |
|
Auburn Doubledays batting - Pitching for Eugene Emeralds : RHP Carlos Zavala
|
|
Pitching: RHP Carlos Zavala
|
|
|
Batting: RHB John Savard
|
0-0: DOUBLE (Groundball, 5L, EV 102.5 MPH)
|
|
Batting: RHB John McNeill
|
0-0: Ball 1-0: Foul Ball, location: 2F 1-1: Foul Ball, location: 2F 1-2: Ball 2-2: Ball 3-2: Base on Balls
|
|
Batting: LHB Kyung-jin Cho
|
0-0: Called Strike 0-1: Ball 1-1: Foul Ball, location: 2F 1-2: Strikes out swinging
|
|
Batting: RHB Nick Moreno
|
0-0: Called Strike John Savard steals 3rd, throwing error, E2 John Savard scores John McNeill to third 0-1: Ball 1-1: Called Strike 1-2: Fly out, F9 (Flyball, 9LM, EV 85.6 MPH)
|
|
Batting: LHB Evan Oliveri
|
0-0: SINGLE (Groundball, 4M, EV 102.5 MPH) (infield hit) John McNeill scores
|
|
Batting: RHB Gabe Almazan
|
0-0: Ground out 2-3 (Groundball, 2L, EV 66.2 MPH)
|
| Bottom of the 1st over - 2 runs, 2 hits, 1 error, 1 left on base; Eugene 0 - Auburn 2 |
| TOP OF THE 2ND |
|
Eugene Emeralds batting - Pitching for Auburn Doubledays : RHP Josh Jenkins
|
|
Batting: RHB Bill Holmes
|
0-0: Swinging Strike 0-1: Swinging Strike 0-2: Ball 1-2: Ball 2-2: Foul Ball, location: 2F 2-2: SINGLE (Line Drive, 4M, EV 95.6 MPH)
|
|
Batting: RHB Tim Long
|
0-0: Called Strike 0-1: Ball 1-1: Swinging Strike 1-2: Foul Ball, location: 2F 1-2: Grounds into double play, 6-4-3 (Groundball, 6, EV 80.0 MPH)
|
|
Batting: RHB Jerry Blas
|
0-0: Ball 1-0: Ball 2-0: Ball 3-0: Called Strike 3-1: Swinging Strike 3-2: Base on Balls
|
|
Batting: RHB Josh Asch
|
0-0: Ball 1-0: Foul Ball, location: 2F 1-1: Called Strike 1-2: 2-RUN HOME RUN (Flyball, 78XD, EV 112.5 MPH), Distance : 443 ft
|
|
Batting: RHB Alvaro Romero
|
0-0: Hit by Pitch
|
|
Batting: RHB Du Kim
|
0-0: Ball 1-0: Ball 2-0: SINGLE (Groundball, 6MD, EV 103.8 MPH) Alvaro Romero to second
|
|
Batting: RHB Eric Wiss
|
0-0: Ball 1-0: Fielders Choice at 2nd, 5-4 (Groundball, 56, EV 81.2 MPH)
|
| Top of the 2nd over - 2 runs, 3 hits, 0 errors, 2 left on base; Eugene 2 - Auburn 2 |
| BOTTOM OF THE 2ND |
|
Auburn Doubledays batting - Pitching for Eugene Emeralds : RHP Carlos Zavala
|
|
Batting: LHB Yoshiya Kurokawa
|
0-0: Ball 1-0: Ball 2-0: Ball 3-0: Called Strike 3-1: Base on Balls
|
|
Batting: RHB Antonio Morado
|
0-0: Called Strike 0-1: Fly out, F3 (Line Drive, 3L, EV 70.0 MPH)
|
|
Batting: LHB Adam Jacobs
|
0-0: Fielders Choice at 2nd, 3-6 (Groundball, 3, EV 108.8 MPH)
|
|
Batting: RHB John Savard
|
0-0: Ground out 6-3 (Groundball, 56, EV 98.1 MPH)
|
| Bottom of the 2nd over - 0 runs, 0 hits, 0 errors, 1 left on base; Eugene 2 - Auburn 2 |
| TOP OF THE 3RD |
|
Eugene Emeralds batting - Pitching for Auburn Doubledays : RHP Josh Jenkins
|
|
Batting: RHB Taylor Garofalo
|
0-0: Fly out, F7 (Flyball, 7D, EV 97.5 MPH)
|
|
Batting: RHB Ryan Bush
|
0-0: Foul Ball, location: 2F 0-1: Foul Ball, location: 2F 0-2: Strikes out swinging
|
|
Batting: RHB Bill Holmes
|
0-0: Swinging Strike 0-1: Swinging Strike 0-2: Ball 1-2: Ball 2-2: Strikes out swinging
|
| Top of the 3rd over - 0 runs, 0 hits, 0 errors, 0 left on base; Eugene 2 - Auburn 2 |
| BOTTOM OF THE 3RD |
|
Auburn Doubledays batting - Pitching for Eugene Emeralds : RHP Carlos Zavala
|
|
Batting: RHB John McNeill
|
0-0: Called Strike 0-1: Ball 1-1: SINGLE (Line Drive, 4MD, EV 97.5 MPH)
|
|
Batting: LHB Kyung-jin Cho
|
0-0: Ball John McNeill steals 2nd base 1-0: Swinging Strike 1-1: Foul Ball, location: 2F 1-2: Foul Ball, location: 2F 1-2: Foul Ball, location: 2F 1-2: Foul Ball, location: 2F 1-2: Ground out 4-3 (Groundball, 4M, EV 82.5 MPH) John McNeill to third
|
|
Batting: RHB Nick Moreno
|
0-0: Swinging Strike 0-1: Called Strike 0-2: SINGLE (Groundball, 6MD, EV 103.8 MPH) John McNeill scores
|
|
Batting: LHB Evan Oliveri
|
0-0: Ball 1-0: Called Strike 1-1: Ball 2-1: Foul Ball, location: 2F 2-2: Ball 3-2: Foul Ball, location: 2F 3-2: Hit by Pitch Nick Moreno to second
|
|
Batting: RHB Gabe Almazan
|
0-0: Ball 1-0: Ball 2-0: Foul Ball, location: 2F 2-1: Ball 3-1: Swinging Strike 3-2: Base on Balls Nick Moreno to third Evan Oliveri to second
|
|
Batting: LHB Yoshiya Kurokawa
|
0-0: Ball 1-0: Ball 2-0: Foul Ball, location: 2F 2-1: Ball 3-1: Called Strike 3-2: Base on Balls Nick Moreno scores Evan Oliveri to third Gabe Almazan to second
|
|
Batting: RHB Antonio Morado
|
0-0: Foul Ball, location: 2F 0-1: Ball 1-1: Ball 2-1: Ball 3-1: Base on Balls Evan Oliveri scores Gabe Almazan to third Yoshiya Kurokawa to second
|
|
Pitching: RHP Jonathan Ridgely
|
|
|
Batting: LHB Adam Jacobs
|
0-0: Ball 1-0: Ball 2-0: Ball 3-0: Called Strike 3-1: Base on Balls Gabe Almazan scores Yoshiya Kurokawa to third Antonio Morado to second
|
|
Batting: RHB John Savard
|
0-0: Ball 1-0: Foul Ball, location: 2F Balk! Yoshiya Kurokawa scores Antonio Morado to third Adam Jacobs to second 1-1: Fly out, F7 (Line Drive, 7S, EV 89.4 MPH)
|
|
Batting: RHB John McNeill
|
0-0: Ball Wild Pitch! Antonio Morado scores Adam Jacobs to third 1-0: Ball Wild Pitch! Adam Jacobs scores 2-0: Ground out 4-3 (Groundball, 4, EV 100.6 MPH)
|
| Bottom of the 3rd over - 7 runs, 2 hits, 0 errors, 0 left on base; Eugene 2 - Auburn 9 |
| TOP OF THE 4TH |
|
Eugene Emeralds batting - Pitching for Auburn Doubledays : RHP Josh Jenkins
|
|
Batting: RHB Tim Long
|
0-0: Called Strike 0-1: Ball 1-1: Foul Ball, location: 2F 1-2: Foul Ball, location: 2F 1-2: Foul Ball, location: 2F 1-2: Foul Ball, location: 2F 1-2: Foul Ball, location: 2F 1-2: Ball 2-2: Strikes out looking
|
|
Batting: RHB Jerry Blas
|
0-0: Ball 1-0: Ball 2-0: Ball 3-0: Called Strike 3-1: Base on Balls
|
|
Batting: RHB Josh Asch
|
0-0: Fly out, F3 (Popup, 3SF, EV 75.0 MPH)
|
|
Batting: RHB Alvaro Romero
|
0-0: Foul Ball, location: 2F 0-1: Ball 1-1: Called Strike 1-2: Strikes out swinging
|
| Top of the 4th over - 0 runs, 0 hits, 0 errors, 1 left on base; Eugene 2 - Auburn 9 |
| BOTTOM OF THE 4TH |
|
Auburn Doubledays batting - Pitching for Eugene Emeralds : RHP Jonathan Ridgely
|
|
Batting: LHB Kyung-jin Cho
|
0-0: Called Strike 0-1: Foul Ball, location: 2F 0-2: Ball 1-2: Ball 2-2: Ball 3-2: Base on Balls
|
|
Batting: RHB Nick Moreno
|
0-0: Foul Ball, location: 2F 0-1: Ball 1-1: Called Strike 1-2: Ball 2-2: SINGLE (Line Drive, 6D, EV 95.6 MPH) Kyung-jin Cho to second
|
|
Batting: LHB Evan Oliveri
|
0-0: Ball 1-0: Ball 2-0: Ball 3-0: Base on Balls Kyung-jin Cho to third Nick Moreno to second
|
|
Batting: RHB Gabe Almazan
|
0-0: Called Strike 0-1: Ball 1-1: Ball 2-1: Ball 3-1: Base on Balls Kyung-jin Cho scores Nick Moreno to third Evan Oliveri to second
|
|
Batting: LHB Yoshiya Kurokawa
|
0-0: Called Strike 0-1: Ball 1-1: Called Strike 1-2: Ball 2-2: Foul Ball, location: 2F 2-2: Ball 3-2: Foul Ball, location: 2F 3-2: Base on Balls Nick Moreno scores Evan Oliveri to third Gabe Almazan to second
|
|
Batting: RHB Antonio Morado
|
0-0: Foul Ball, location: 2F 0-1: Fielders Choice at 2nd, 6-4 (Groundball, 6, EV 101.9 MPH) Evan Oliveri scores Gabe Almazan to third
|
|
Batting: LHB Adam Jacobs
|
0-0: Ball 1-0: Swinging Strike 1-1: Ball 2-1: Foul Ball, location: 2F 2-2: Ball 3-2: Base on Balls Antonio Morado to second
|
|
Batting: RHB John Savard
|
0-0: Swinging Strike 0-1: Called Strike 0-2: Ball Wild Pitch! Gabe Almazan scores Antonio Morado to third Adam Jacobs to second 1-2: Foul Ball, location: 2F 1-2: Ground out 3-1 (Groundball, 34, EV 86.9 MPH) Antonio Morado scores Adam Jacobs to third
|
|
Batting: RHB John McNeill
|
0-0: Ball 1-0: Ball 2-0: Called Strike 2-1: Ball Balk! Adam Jacobs scores 3-1: Called Strike 3-2: Strikes out swinging
|
| Bottom of the 4th over - 6 runs, 1 hit, 0 errors, 0 left on base; Eugene 2 - Auburn 15 |
| TOP OF THE 5TH |
|
Eugene Emeralds batting - Pitching for Auburn Doubledays : RHP Josh Jenkins
|
|
Pitching: RHP John Kovach
|
|
|
Batting: RHB Du Kim
|
0-0: Foul Ball, location: 2F 0-1: Foul Ball, location: 2F 0-2: Ball 1-2: Foul Ball, location: 2F 1-2: Strikes out swinging
|
|
Batting: RHB Eric Wiss
|
0-0: Foul Ball, location: 2F 0-1: SINGLE (Line Drive, 56, EV 97.5 MPH)
|
|
Batting: RHB Taylor Garofalo
|
0-0: Fly out, F7 (Flyball, 7, EV 84.4 MPH)
|
|
Batting: RHB Ryan Bush
|
0-0: Foul Ball, location: 2F 0-1: Foul Ball, location: 2F 0-2: Strikes out swinging
|
| Top of the 5th over - 0 runs, 1 hit, 0 errors, 1 left on base; Eugene 2 - Auburn 15 |
| BOTTOM OF THE 5TH |
|
Auburn Doubledays batting - Pitching for Eugene Emeralds : RHP Jonathan Ridgely
|
|
Batting: LHB Kyung-jin Cho
|
0-0: Ball 1-0: Foul Ball, location: 2F 1-1: Ball 2-1: SOLO HOME RUN (Line Drive, 7D, EV 105.0 MPH), Distance : 405 ft
|
|
Batting: RHB Nick Moreno
|
0-0: Fly out, F8 (Flyball, 8RD, EV 97.5 MPH)
|
|
Batting: LHB Evan Oliveri
|
0-0: Ball 1-0: Ball 2-0: Called Strike 2-1: Called Strike 2-2: Ball 3-2: Base on Balls
|
|
Batting: RHB Gabe Almazan
|
0-0: Ball 1-0: 2-RUN HOME RUN (Flyball, 7LD, EV 94.4 MPH), Distance : 351 ft
|
|
Batting: LHB Yoshiya Kurokawa
|
0-0: SINGLE (Groundball, 34D, EV 105.0 MPH)
|
|
Batting: RHB Antonio Morado
|
0-0: Fielders Choice at 2nd, 6-4 (Groundball, 6, EV 84.4 MPH)
|
|
Batting: LHB Adam Jacobs
|
0-0: Ball 1-0: Fly out, F8 (Flyball, 8LD, EV 106.2 MPH)
|
| Bottom of the 5th over - 3 runs, 3 hits, 0 errors, 1 left on base; Eugene 2 - Auburn 18 |
| TOP OF THE 6TH |
|
Eugene Emeralds batting - Pitching for Auburn Doubledays : RHP John Kovach
|
|
Batting: RHB Bill Holmes
|
0-0: Swinging Strike 0-1: Swinging Strike 0-2: Foul Ball, location: 2F 0-2: Ball 1-2: Foul Ball, location: 2F 1-2: Ball 2-2: Strikes out swinging
|
|
Batting: RHB Tim Long
|
0-0: Foul Ball, location: 2F 0-1: Ball 1-1: Ball 2-1: Foul Ball, location: 2F 2-2: Ball 3-2: Base on Balls
|
|
Batting: RHB Jerry Blas
|
0-0: Ball Tim Long steals 2nd base 1-0: Foul Ball, location: 2F 1-1: Swinging Strike 1-2: Ball 2-2: Fly out, F9 (Flyball, 9LM, EV 90.6 MPH)
|
|
Batting: RHB Josh Asch
|
0-0: Called Strike 0-1: Ball 1-1: Foul Ball, location: 2F 1-2: Ball 2-2: Ball 3-2: Ground out U3 (Groundball, 3, EV 102.5 MPH)
|
| Top of the 6th over - 0 runs, 0 hits, 0 errors, 1 left on base; Eugene 2 - Auburn 18 |
| BOTTOM OF THE 6TH |
|
Auburn Doubledays batting - Pitching for Eugene Emeralds : RHP Jonathan Ridgely
|
|
Batting: RHB John Savard
|
0-0: SINGLE (Line Drive, 78M, EV 100.0 MPH)
|
|
Batting: RHB John McNeill
|
0-0: Swinging Strike 0-1: SINGLE (Popup, 56D, EV 59.4 MPH) John Savard to second
|
|
Batting: LHB Kyung-jin Cho
|
0-0: Called Strike 0-1: Ball Passed Ball! John Savard to third John McNeill to second 1-1: Foul Ball, location: 2F 1-2: Ball 2-2: Ball 3-2: Base on Balls
|
|
Batting: RHB Nick Moreno
|
0-0: SINGLE (Groundball, 5S, EV 70.6 MPH) (infield hit) John Savard scores John McNeill to third Kyung-jin Cho to second
|
|
Batting: LHB Evan Oliveri
|
0-0: Ball 1-0: Ball 2-0: Ball 3-0: Base on Balls John McNeill scores Kyung-jin Cho to third Nick Moreno to second
|
|
Batting: RHB Gabe Almazan
|
0-0: Fly out, F7 (Line Drive, 7S, EV 88.8 MPH)
|
|
Batting: LHB Yoshiya Kurokawa
|
0-0: Fielders Choice at 2nd, 6-4 (Groundball, 6S, EV 84.4 MPH) Kyung-jin Cho scores Nick Moreno to third
|
|
Batting: RHB Antonio Morado
|
0-0: Foul Ball, location: 2F 0-1: Ground out 4-3 (Groundball, 4M, EV 106.2 MPH)
|
| Bottom of the 6th over - 3 runs, 3 hits, 0 errors, 2 left on base; Eugene 2 - Auburn 21 |
| TOP OF THE 7TH |
|
Eugene Emeralds batting - Pitching for Auburn Doubledays : RHP John Kovach
|
|
Batting: RHB Alvaro Romero
|
0-0: Ground out U3 (Groundball, 3, EV 91.9 MPH)
|
|
Batting: RHB Du Kim
|
0-0: SINGLE (Line Drive, 6D, EV 98.8 MPH)
|
|
Batting: RHB Eric Wiss
|
0-0: Ball Du Kim steals 2nd base (no throw) 1-0: Foul Ball, location: 2F 1-1: Ball 2-1: Ball Du Kim steals 3rd base 3-1: DOUBLE (Flyball, 8LXD, EV 106.9 MPH) Du Kim scores
|
|
Pitching: LHP Kevin Besser
|
|
|
Batting: RHB Taylor Garofalo
|
0-0: Ball Eric Wiss is caught stealing 3rd base 2-5 1-0: Ball 2-0: Called Strike 2-1: Foul Ball, location: 2F 2-2: Ball 3-2: Fly out, F7 (Flyball, 7S, EV 96.2 MPH)
|
| Top of the 7th over - 1 run, 2 hits, 0 errors, 0 left on base; Eugene 3 - Auburn 21 |
| BOTTOM OF THE 7TH |
|
Auburn Doubledays batting - Pitching for Eugene Emeralds : RHP Jonathan Ridgely
|
|
Batting: LHB Adam Jacobs
|
0-0: Ball 1-0: Called Strike 1-1: Ball 2-1: Ground out 6-3 (Groundball, 6, EV 78.8 MPH)
|
|
Pinch Hitting: SHB Gabe Fraunfelder
|
0-0: Ball 1-0: Foul Ball, location: 2F 1-1: Ball 2-1: Ball 3-1: Base on Balls
|
|
Batting: RHB John McNeill
|
0-0: Ball 1-0: Foul Ball, location: 2F 1-1: Ball 2-1: Grounds into double play, 6-4-3 (Groundball, 6, EV 80.0 MPH)
|
| Bottom of the 7th over - 0 runs, 0 hits, 0 errors, 0 left on base; Eugene 3 - Auburn 21 |
| TOP OF THE 8TH |
|
Eugene Emeralds batting - Pitching for Auburn Doubledays : LHP Kevin Besser
|
|
Now in LF: Gabe Fraunfelder
|
|
|
Batting: RHB Ryan Bush
|
0-0: Ball 1-0: Called Strike 1-1: Called Strike 1-2: Foul Ball, location: 2F 1-2: Foul Ball, location: 2F 1-2: Strikes out swinging
|
|
Batting: RHB Bill Holmes
|
0-0: Ball 1-0: Ball 2-0: Called Strike 2-1: SINGLE (Flyball, 8LM, EV 91.2 MPH)
|
|
Batting: RHB Tim Long
|
0-0: Called Strike 0-1: Ball 1-1: TRIPLE (Line Drive, 8RXD, EV 107.5 MPH) Bill Holmes scores
|
|
Batting: RHB Jerry Blas
|
0-0: Ball 1-0: SINGLE (Groundball, 6D, EV 94.4 MPH) Tim Long scores
|
|
Batting: RHB Josh Asch
|
0-0: SINGLE (Line Drive, 89S, EV 99.4 MPH) Jerry Blas to second Runner from 2nd tries for 3rd, SAFE, throw by RF made to third
|
|
Batting: RHB Alvaro Romero
|
0-0: Foul Ball, location: 2F 0-1: Foul Ball, location: 2F 0-2: Strikes out swinging
|
|
Batting: RHB Du Kim
|
0-0: Called Strike 0-1: Swinging Strike 0-2: Ball 1-2: Strikes out swinging
|
| Top of the 8th over - 2 runs, 4 hits, 0 errors, 2 left on base; Eugene 5 - Auburn 21 |
| BOTTOM OF THE 8TH |
|
Auburn Doubledays batting - Pitching for Eugene Emeralds : RHP Jonathan Ridgely
|
|
Batting: LHB Kyung-jin Cho
|
0-0: Foul Ball, location: 2F 0-1: SINGLE (Groundball, 34D, EV 95.0 MPH)
|
|
Batting: RHB Nick Moreno
|
0-0: Called Strike 0-1: Ball 1-1: Ball 2-1: Ball Wild Pitch! Kyung-jin Cho to second 3-1: Foul Ball, location: 2F 3-2: SINGLE (Flyball, 5D, EV 88.1 MPH) Kyung-jin Cho to third
|
|
Batting: LHB Evan Oliveri
|
0-0: Foul Ball, location: 2F Balk! Kyung-jin Cho scores Nick Moreno to second 0-1: Ball 1-1: Ball 2-1: Called Strike 2-2: Ball 3-2: Base on Balls
|
|
Batting: RHB Gabe Almazan
|
0-0: Ball 1-0: Ball 2-0: Swinging Strike 2-1: Swinging Strike 2-2: Foul Ball, location: 2F 2-2: Ball Wild Pitch! Nick Moreno to third Evan Oliveri to second 3-2: Base on Balls
|
|
Batting: LHB Yoshiya Kurokawa
|
Balk! Nick Moreno scores Evan Oliveri to third Gabe Almazan to second 0-0: Ball Wild Pitch! Evan Oliveri scores Gabe Almazan to third 1-0: Single, Error in OF, E7, batter to second base (Line Drive, 7S, EV 104.4 MPH) Gabe Almazan scores
|
|
Batting: RHB Antonio Morado
|
0-0: Called Strike 0-1: Fly out, F8 (Flyball, 78D, EV 105.0 MPH)
|
|
Batting: LHB Adam Jacobs
|
0-0: SINGLE (Line Drive, 9S, EV 101.9 MPH) Yoshiya Kurokawa to third
|
|
Batting: SHB Gabe Fraunfelder
|
0-0: Ball 1-0: Ball 2-0: Called Strike 2-1: Fly out, F7 (Flyball, 7, EV 95.0 MPH) Runner from 3rd tags up, OUT at HOME! 7-2
|
| Bottom of the 8th over - 4 runs, 4 hits, 1 error, 1 left on base; Eugene 5 - Auburn 25 |
| TOP OF THE 9TH |
|
Eugene Emeralds batting - Pitching for Auburn Doubledays : LHP Kevin Besser
|
|
Batting: RHB Eric Wiss
|
0-0: Called Strike 0-1: Foul Ball, location: 2F 0-2: Ball 1-2: Strikes out swinging
|
|
Batting: RHB Taylor Garofalo
|
0-0: Ball 1-0: Ball 2-0: Called Strike 2-1: Called Strike 2-2: Strikes out swinging
|
|
Batting: RHB Ryan Bush
|
0-0: Foul Ball, location: 2F 0-1: Called Strike 0-2: Strikes out swinging
|
| Top of the 9th over - 0 runs, 0 hits, 0 errors, 0 left on base; Eugene 5 - Auburn 25 |
|